 Dungeon Crawl Stone Soup version 0.29.1-4-g47bece8355 (webtiles) character file.

Game seed: 4184712312177496040

2403 styxcanada the Covert (level 9, -6/44 HPs)
             Began as a Spriggan Brigand on Dec 8, 2022.
             Was an Initiate of Gozag.
             Mangled by a boulder beetle (16 damage)
             ... on level 7 of the Dungeon.
             The game lasted 00:25:06 (7288 turns).

styxcanada the Covert (Spriggan Brigand)            Turns: 7288, Time: 00:25:07

Health: -6/44      AC:  7    Str:  7    XL:     9   Next: 23%
Magic:  12/12      EV: 20    Int: 12    God:    Gozag
Gold:   673        SH:  6    Dex: 21    Spells: 9/11 levels left

rFire   . . .      SeeInvis +   o - +3 short sword (drain)
rCold   . . .      Faith    .   D - +0 buckler
rNeg    . . .      Spirit   .   b - +0 robe
rPois   .          Reflect  .   p - +2 hat
rElec   .          Harm     .   c - +0 cloak
rCorr   .          Rampage  .   (gloves unavailable)
Will    +....                   (boots unavailable)
Stlth   ++++++....              (no amulet)
HPRegen 0.14/turn               u - ring of flight
MPRegen 0.13/turn               (no ring)

@: gold aura, flying, very quick
A: very small, no large weapons, unfitting armour, see invisible, speed 3,
iridescent scales 1
a: Renounce Religion, Potion Petition, Call Merchant, Bribe Branch


You were on level 7 of the Dungeon.
You worshipped Gozag.
Gozag was pleased with you.
You visited 1 branch of the dungeon, and saw 7 of its levels.

You collected 782 gold pieces.
You paid 109 gold pieces to Gozag.

Inventory:

Hand Weapons
 a - a +2 dagger
 m - a +0 sling
 o - a +3 short sword of draining (weapon)
 t - a +1 dagger of venom
 v - a +2 quarterstaff of chaos
Missiles
 d - 23 poisoned darts (quivered)
 e - 3 curare-tipped darts
 f - 61 stones
Armour
 b - a +0 robe (worn)
 c - a +0 cloak (worn)
 p - a +2 hat (worn)
 D - a +0 buckler (worn)
Jewellery
 u - a ring of flight (left hand)
Wands
 k - a wand of polymorph (10)
 r - a wand of mindburst (9)
 A - a wand of iceblast (2)
Scrolls
 n - 3 scrolls of enchant weapon
 x - a scroll of poison
 y - a scroll of butterflies
 z - a scroll of teleportation
Potions
 g - 7 potions of curing
 h - 3 potions of invisibility
 i - 4 potions of heal wounds
 j - 2 potions of mutation
 l - a potion of magic {unknown}
 q - a potion of resistance {unknown}
 s - 2 potions of degeneration {unknown}
 w - a potion of flight {unknown}
 B - a potion of ambrosia {unknown}
 C - a potion of berserk rage {unknown}


   Skills:
 + Level 3.6 Fighting
 + Level 6.1 Short Blades
 + Level 0.8 Ranged Weapons
 + Level 3.4 Throwing
 * Level 6.3 Dodging
 * Level 13.1 Stealth
 * Level 0.2 Shields
 * Level 1.9 Spellcasting
 * Level 0.5 Air Magic
 * Level 0.5 Poison Magic
 * Level 4.3 Evocations


You had 9 spell levels left.
You knew the following spells:

 Your Spells              Type           Power      Damage    Failure   Level
a - Poisonous Vapours     Pois/Air       4%         N/A       58%         2

Your spell library contained the following spells:

 Spells                   Type           Power      Damage    Failure   Level
 Sandblast                Erth           2%         2d4       52%         1
 Passwall                 Tmut/Erth      0%         N/A       67%         2
 Stone Arrow              Conj/Erth      2%         3d7       88%         3
 Corpse Rot               Necr/Pois/Air  Unusable   N/A       N/A         4

Dungeon Overview and Level Annotations

Branches:
Dungeon (7/15)             Temple (0/1) D:6

Altars:
Dithmenos
Fedhas
Gozag
Trog
Uskayaw
Wu Jian
Yredelemnul
Zin


Innate Abilities, Weirdness & Mutations

You are very small and have problems with some larger weapons.
You are too small for most types of armour.
You have supernaturally acute eyesight. (SInv)
You cover ground extremely quickly. (Speed+++)
You are partially covered in iridescent scales. (AC +2)


Message History

You drain the boulder beetle.
The boulder beetle is moderately wounded.
The boulder beetle bites you.
You barely miss the boulder beetle.
The boulder beetle is moderately wounded.
The water moccasin completely misses you.
The boulder beetle leaps!
You hit the water moccasin. You drain the water moccasin.
The water moccasin is moderately wounded.
The water moccasin barely misses you.
You hit the water moccasin.
The water moccasin is moderately wounded.
The water moccasin misses you.
You closely miss the water moccasin.
The water moccasin is moderately wounded.
The water moccasin bites you.
* * * LOW HITPOINT WARNING * * *
The water moccasin completely misses you.
You hit the water moccasin.
The water moccasin is heavily wounded.
The water moccasin misses you.
You miss the water moccasin.
The water moccasin is heavily wounded.
The water moccasin closely misses you.
You hit the water moccasin but do no damage.
You drain the water moccasin.
The water moccasin is heavily wounded.
You block the water moccasin's attack. The water moccasin closely misses you.
Unknown command.
You hit the water moccasin. You drain the water moccasin.
The water moccasin is severely wounded.
You block the water moccasin's attack.
You hit the water moccasin. You drain the water moccasin.
You kill the water moccasin!
Your Stealth skill increases to level 13!
You hit the boulder beetle but do no damage.
The boulder beetle is moderately wounded.
The boulder beetle bites you!
You die...
Your body crumbles into a pile of gold.

# #...#.....###.# #.... #
##..#.#..#.# #.# #.### ...
#..##.##...# #)# #.# ###
#.##.#.##..# #.###.## ..#
##.##..###..###.##.#.## #.#
.#####...##..#..#.##.#.###.#
..# ........##.#.##.##)...##
##. #
#####.#.##..###.#)##.#.###.#
# #....##@.#...###....#... #
###.##.#B##..# ####..### #
#.##. ###..#### #.#### #
#..## #......# #..... # #.##
##..##.# #.#### # #.##
##..##.# #.# # # #..#
#...##.# #.####
#.#######..##.# #...## ###
#..#.#.#...##.# #.#.##


You could see a boulder beetle (drained).

Vanquished Creatures
  Sigmund (D:3)
  A shadow (D:7)
  A steam dragon (D:6)
  Eustachio (D:6)
  A water moccasin (D:7)
  3 ice beasts
  2 sky beasts (D:7)
  A phantom (D:5)
  A bullfrog (D:6)
  A gnoll sergeant (D:7)
  3 scorpions
  3 jellies
  A centaur zombie (D:6)
  4 hounds
  Crazy Yiuf (D:3)
  An orc priest (D:5)
  Ijyb (D:3)
  5 iguanas
  3 orc wizards
  Terence (D:3)
  A killer bee zombie (D:6)
  Robin (D:2)
  6 gnolls
  7 adders
  A white imp (D:5)
  2 ufetubi
  3 worms
  2 dart slugs
  29 orcs
  7 bats
  8 endoplasms
  5 giant cockroaches
  7 hobgoblins
  5 jackals
  4 quokkas
  8 ball pythons
  4 frilled lizards
  11 goblins
  4 kobolds
  5 rats
156 creatures vanquished.

Vanquished Creatures (others)
  A fungus (D:3)
1 creature vanquished.

Grand Total: 157 creatures vanquished

Notes
Turn   | Place    | Note
-------+----------+-------------------------------------------
     0 | D:1      | styxcanada the Spriggan Brigand began the quest for the
                  | Orb.
     0 | D:1      | Reached XP level 1. HP: 10/10 MP: 2/2
   235 | D:1      | Found a faded altar of an unknown god.
   256 | D:1      | Reached skill level 6 in Stealth
   575 | D:1      | Reached XP level 2. HP: 14/14 MP: 3/3
  1065 | D:2      | Reached skill level 7 in Stealth
  1065 | D:2      | Reached XP level 3. HP: 9/18 MP: 4/4
  1268 | D:2      | Noticed Robin
  1286 | D:2      | Killed Robin
  1744 | D:2      | Reached XP level 4. HP: 23/23 MP: 5/5
  2356 | D:3      | Noticed Terence
  2361 | D:3      | Killed Terence
  2362 | D:3      | Reached skill level 8 in Stealth
  2373 | D:3      | Noticed Sigmund
  2405 | D:3      | Reached XP level 5. HP: 26/26 MP: 6/6
  2405 | D:3      | Killed Sigmund
  2406 | D:3      | Reached XP level 6. HP: 32/32 MP: 7/7
  2572 | D:3      | Noticed Ijyb
  2577 | D:3      | Killed Ijyb
  2745 | D:3      | Reached skill level 9 in Stealth
  3053 | D:3      | Gained mutation: You are weak. (Str -2) [potion of
                  | mutation]
  3053 | D:3      | Lost mutation: You are weak. (Str -2) [potion of mutation]
  3053 | D:3      | Gained mutation: You are partially covered in iridescent
                  | scales. (AC +2) [potion of mutation]
  3274 | D:3      | Found a runed translucent door.
  3275 | D:3      | Noticed Crazy Yiuf
  3282 | D:3      | Killed Crazy Yiuf
  3458 | D:4      | Reached skill level 1 in Evocations
  3621 | D:4      | Learned a level 2 spell: Poisonous Vapours
  3632 | D:4      | Reached XP level 7. HP: 35/35 MP: 8/8
  4350 | D:5      | Entered Level 5 of the Dungeon
  4421 | D:5      | Reached skill level 10 in Stealth
  4642 | D:5      | Found an opulent altar of Gozag.
  4651 | D:5      | Became a worshipper of Gozag Ym Sagoz the Greedy
  4745 | D:5      | Identified the +1 robe "Midoe" {Fly rN+}
  4762 | D:5      | Noticed a +0 short sword
  4762 | D:5      | Noticed a +0 short sword
  4764 | D:5      | Noticed a +0 spear
  4964 | D:5      | Found a shadowy altar of Dithmenos.
  4971 | D:5      | Found an ornate altar of the Wu Jian Council.
  5014 | D:5      | Reached skill level 5 in Dodging
  5014 | D:5      | Reached XP level 8. HP: 40/40 MP: 9/9
  5319 | D:5      | Noticed a +0 spear
  5319 | D:5      | Noticed a +0 falchion
  5321 | D:5      | Noticed a +0 dagger
  5321 | D:5      | Noticed a +0 dagger
  5321 | D:5      | Noticed a +0 falchion
  5326 | D:5      | Found a hide-covered altar of Uskayaw.
  5485 | D:6      | Reached skill level 5 in Short Blades
  5485 | D:6      | Reached skill level 11 in Stealth
  5505 | D:6      | Noticed Eustachio
  5517 | D:6      | Killed Eustachio
  5957 | D:6      | Reached skill level 12 in Stealth
  6257 | D:6      | Found a staircase to the Ecumenical Temple.
  6278 | D:6      | Found a glowing silver altar of Zin.
  6333 | D:6      | Found a basalt altar of Yredelemnul.
  6719 | D:7      | Found a blossoming altar of Fedhas.
  6726 | D:7      | Found a bloodstained altar of Trog.
  6787 | D:7      | Reached XP level 9. HP: 44/44 MP: 10/10
  7194 | D:7      | Reached skill level 1 in Spellcasting
  7271 | D:7      | Noticed a boulder beetle
  7288 | D:7      | Reached skill level 13 in Stealth
  7288 | D:7      | Mangled by a boulder beetle

Illustrated notes

Levels and vault maps discovered:
D:1:      arrival_zaba_pyramid, layout_basic, chequers_ecumenical_altar_island
D:2:      layout_loops_corners, minmay_strange_pillars, st_stairs_14, uniq_robin
D:3:      minmay_razor_zed, layout_rooms, uniq_terence, uniq_sigmund,
          uniq_crazy_yiuf_cottage, uniq_ijyb
D:4:      layout_loops_ring
D:5:      layout_cave_pools, nicolae_gozag_seed_capital,
          nicolae_uskayaw_en_pointe, amethyst_overflow_temple_binary,
          serial_column_ruins, column_ruins_hut, column_ruins_grid_1,
          column_ruins_grid_1, column_ruins_columns_corner,
          column_ruins_open_medium, column_ruins_grid_1, column_ruins_open_tiny,
          column_ruins_open_small
D:6:      layout_rooms, lemuel_zombie_altar_yredelemnul,
          mainiacjoe_overflow_catwalk, minmay_temple_entry_wispy, uniq_eustachio
D:7:      layout_loops_ring, mainiacjoe_overflow_large_starburst,
          minmay_manual_macuahuitl

Skill      XL: |  1  2  3  4  5  6  7  8  9 |
---------------+----------------------------+-----
Stealth        | 6 7 8 9 10 12 13 | 13.1
Dodging        | 2 3 5 6 |  6.3
Fighting       | 2 3 |  3.6
Short Blades   | 3 4 5 6 |  6.1
Throwing       | 3 |  3.4
Evocations     | 1 2 4 |  4.3
Spellcasting   | 1 |  1.9
Ranged Weapons | |  0.8
Shields        | |  0.2
Air Magic      | |  0.5
Poison Magic   | |  0.5

Action                   |  1- 3 |  4- 6 |  7- 9 || total
-------------------------+-------+-------+-------++-------
Melee: Dagger            |    78 |    22 |       ||   100
       Short sword       |       |   140 |   184 ||   324
       Punch             |       |     2 |     3 ||     5
 Fire: Sling             |       |       |     6 ||     6
Throw: Dart              |    23 |    36 |       ||    59
  Use: Scroll            |     4 |     4 |     6 ||    14
       Potion            |       |     1 |       ||     1
 Stab: Sleeping          |    11 |    13 |    22 ||    46
       Distracted        |       |       |     1 ||     1
Armor: Robe              |    12 |    16 |    24 ||    52
Dodge: Dodged            |    34 |   109 |   146 ||   289
Block: Buckler           |       |       |     2 ||     2
